 Dungeon Crawl Stone Soup version 0.20-a0-339-g8ddb3e8 (webtiles) character file.

2657 Banto the Basher (level 9, 0/91 HPs)
             Began as a Human Skald on Dec 22, 2016.
             Was a Believer of Okawaru.
             Killed from afar by an orc wizard (8 damage)
             ... with a magic dart
             ... on level 7 of the Dungeon.
             The game lasted 00:12:33 (8101 turns).

Banto the Basher (Human Skald)                      Turns: 8101, Time: 00:12:33

Health: 0/91       AC: 13    Str: 17    XL:     9   Next: 94%
Magic:  6/12       EV: 11    Int: 10    God:    Okawaru [**....]
Gold:   332        SH:  0    Dex: 19    Spells: 4/12 levels left

rFire  . . .     SeeInvis .     D - +0 short sword (elec)
rCold  . . .     Gourm    .     i - +0 troll leather armour
rNeg   . . .     Faith    .     (no shield)
rPois  .         Spirit   .     n - +1 helmet
rElec  +         Reflect  .     t - +2 cloak
rCorr  .         Harm     +     g - +0 pair of gloves (curse)
MR     +....                    k - +2 pair of boots
Stlth  ..........               v - amulet of harm
                                l - ring of protection from magic
                                F - ring of Xom's Benevolence {rElec Int-2 Dex+2} (curse)

@: berserking, very quick
A: no striking features
a: Heroism, Renounce Religion


You were on level 7 of the Dungeon.
You worshipped Okawaru.
Okawaru was pleased with you.
You were not hungry.

You visited 2 branches of the dungeon, and saw 8 of its levels.

You collected 356 gold pieces.
You spent 24 gold pieces at shops.

Inventory:

Hand Weapons
 p - a +0 dire flail
 D - a +0 short sword of electrocution (weapon)
Armour
 g - a cursed +0 pair of gloves (worn)
 i - a +0 troll leather armour (worn)
 k - a +2 pair of boots (worn)
 n - a +1 helmet (worn)
 t - a +2 cloak (worn)
Jewellery
 l - a ring of protection from magic (right hand)
 o - an uncursed ring of stealth
 v - an amulet of harm (around neck)
 F - the cursed ring of Xom's Benevolence (left hand) {rElec Int-2 Dex+2}
   (You found it on level 7 of the Dungeon)

   [ring of intelligence]

   It affects your intelligence (-2).
   It affects your dexterity (+2).
   It insulates you from electricity.
   It has a curse placed upon it.
Wands
 b - a wand of flame (11/48)
 B - a wand of random effects (15/48)
Scrolls
 f - a scroll of fear
 w - a scroll of enchant weapon
 y - 2 scrolls of teleportation {unknown}
 A - 2 scrolls of enchant armour
 C - 3 scrolls of remove curse
 H - a scroll of identify
 I - a scroll of magic mapping
Potions
 e - 4 potions of curing {unknown}
 h - 2 potions of berserk rage
 j - 3 potions of brilliance
 m - 2 potions of cancellation
 q - 3 potions of might {unknown}
 r - 2 potions of heal wounds {unknown}
 z - a potion of magic {unknown}
 E - a potion of flight {unknown}
 G - a potion of haste
Books
 s - a book of Maledictions

   Spells                             Type                      Level
   a - Corona                         Hexes                        1
   b - Ensorcelled Hibernation        Hexes/Ice                    2
   c - Confuse                        Hexes                        3
   d - Tukima's Dance                 Hexes                        3
   e - Dazzling Spray                 Conjuration/Hexes            3
Comestibles
 a - 3 chunks of flesh
 c - a beef jerky
 d - 5 bread rations
 u - 5 meat rations
 x - 6 fruits


   Skills:
 - Level 2.0 Fighting
 + Level 10.6 Maces & Flails
 - Level 1.0 Armour
 - Level 1.0 Dodging
 - Level 2.0 Spellcasting
 - Level 5.0 Hexes
 - Level 6.0 Charms


You had 4 spell levels left.
You knew the following spells:

 Your Spells              Type           Power        Failure   Level  Hunger
a - Infusion              Chrm           ##..         3%          1    ##.....
b - Song of Slaying       Chrm           ##......     6%          2    ###....
c - Spectral Weapon       Hex/Chrm       ##......     12%         3    ####...
d - Shroud of Golubria    Chrm/Tloc      #.........   17%         2    ###....


Dungeon Overview and Level Annotations

Branches:
Dungeon (7/15)             Temple (1/1) D:7

Altars:
Ashenzari
Dithmenos
Elyvilon
Fedhas
Gozag
Hepliaklqana
Kikubaaqudgha
Makhleb
Nemelex Xobeh
Okawaru
Qazlal
Ru
Sif Muna
Trog
Vehumet
Xom
Yredelemnul
Zin
The Shining One
Jiyva

Shops:
D:4 =   D:5 =


Message History

The orc warrior hits your spectral weapon with a hand axe!
Your spectral weapon shares its damage with you!
* * * LOW HITPOINT WARNING * * *
You take 4 damage, and have 7/61 hp.
A red film seems to cover your vision as you go berserk!
You feel yourself moving faster!
You feel mighty!
The orc wizard gestures wildly while chanting.
The orc warrior barely misses you.
The orc warrior hits your spectral weapon with a hand axe!
Your spectral weapon shares its damage with you!
Your spectral weapon fades away.
* * * LOW HITPOINT WARNING * * *
The orc wizard misses you.
You now have 8/91 hp.
You hit the orc warrior.
There is a sudden explosion of sparks!
You kill the orc warrior!
Okawaru accepts your kill.
The orc wizard gestures at you while chanting.
The magic dart hits you!
You die...

........#......# #.#.#
.....######.##.# #.#.#
.........##.##.###.#.#
..#....#.##.##.......#
####...#.##.######.###
####..##.##......#.#
..........)#####.#.#
.##.##.##).#####.#.#
.......#.......)@..#
.##)#..#...#####o###
....#..#.#.......#
#.#.#..########..#
#.#..... #..#
#...#.##. #..# ....#
#..# ....# ...# ....#
##.#


You could see an orc wizard.

Vanquished Creatures
  A troll (D:6)
  2 hungry ghosts
  2 orc warriors
  A phantom (D:6)
  3 ogres
  Blork the orc (D:4)
  A bullfrog (D:7)
  A wyvern zombie (D:7)
  2 scorpions (D:7)
  3 crimson imps
  2 hounds
  2 bullfrog skeletons
  3 centaur skeletons
  8 orc priests
  4 orc wizards
  4 iguanas
  Jessica (D:3)
  Ijyb (D:2)
  10 worker ants
  A killer bee zombie (D:6)
  2 hound zombies (D:5)
  A howler monkey zombie (D:5)
  A worker ant zombie (D:6)
  Robin (D:3)
  9 adders
  A shadow imp (D:5)
  2 worms
  A dart slug (D:4)
  9 leopard geckos
  29 orcs
  5 bats
  5 giant cockroaches
  18 goblins
  14 hobgoblins
  6 jackals (D:2)
  11 kobolds
  5 quokkas
  3 ball pythons
  4 frilled lizards
  A leopard gecko zombie (D:6)
  5 rats
186 creatures vanquished.

Vanquished Creatures (others)
  5 spectral weapons
5 creatures vanquished.

Grand Total: 191 creatures vanquished

Notes
Turn   | Place    | Note
-------+----------+-------------------------------------------
     0 | D:1      | Banto the Human Skald began the quest for the Orb.
     0 | D:1      | Reached XP level 1. HP: 16/16 MP: 3/3
   291 | D:1      | Reached XP level 2. HP: 18/22 MP: 5/5
   793 | D:2      | Reached skill level 3 in Maces & Flails
   988 | D:2      | Reached XP level 3. HP: 27/27 MP: 3/6
  1059 | D:2      | Learned a level 2 spell: Song of Slaying
  1063 | D:2      | Learned a level 3 spell: Spectral Weapon
  1232 | D:2      | Noticed Ijyb
  1374 | D:2      | Reached XP level 4. HP: 32/33 MP: 4/7
  1388 | D:2      | Killed Ijyb
  1388 | D:2      | Reached skill level 1 in Hexes
  1402 | D:2      | Found a faded altar of an unknown god.
  1597 | D:3      | Noticed Robin
  1702 | D:3      | Killed Robin
  1702 | D:3      | Reached XP level 5. HP: 38/38 MP: 4/8
  2076 | D:3      | Noticed Jessica
  2088 | D:3      | Killed Jessica
  2179 | D:3      | Found a white marble altar of Elyvilon.
  2179 | D:3      | Found a glowing silver altar of Zin.
  2180 | D:3      | Found a glowing golden altar of the Shining One.
  2487 | D:4      | Reached XP level 6. HP: 39/44 MP: 5/9
  2673 | D:4      | Found Viaguik's Jewellery Shoppe.
  2796 | D:4      | Reached skill level 5 in Charms
  2801 | D:4      | Noticed an ogre
  2843 | D:4      | Killed an ogre
  2843 | D:4      | Reached XP level 7. HP: 28/50 MP: 7/10
  3066 | D:4      | Noticed Blork the orc
  3635 | D:4      | Killed Blork the orc
  3670 | D:5      | Entered Level 5 of the Dungeon
  3711 | D:5      | Found a blossoming altar of Fedhas.
  3868 | D:5      | Found Vukhliogi's Jewellery Boutique.
  3876 | D:5      | Bought a cursed amulet of inaccuracy for 24 gold pieces
  3921 | D:6      | Reached skill level 5 in Hexes
  3928 | D:6      | Found a sparkling altar of Nemelex Xobeh.
  4039 | D:6      | Learned a level 2 spell: Shroud of Golubria
  4058 | D:6      | Noticed a troll
  4063 | D:6      | Reached skill level 4 in Maces & Flails
  4063 | D:6      | Reached XP level 8. HP: 56/56 MP: 7/11
  5227 | D:5      | Reached skill level 5 in Maces & Flails
  6204 | D:5      | Reached skill level 6 in Maces & Flails
  6561 | D:6      | Found an iron altar of Okawaru.
  6570 | D:6      | Became a worshipper of Warmaster Okawaru
  6583 | D:6      | Reached skill level 7 in Maces & Flails
  6590 | D:6      | Reached XP level 9. HP: 40/61 MP: 9/12
  6628 | D:6      | Reached skill level 8 in Maces & Flails
  6685 | D:6      | Killed a troll
  6685 | D:6      | Reached * piety under Okawaru
  6866 | D:6      | Reached skill level 9 in Maces & Flails
  7098 | D:7      | Found a staircase to the Ecumenical Temple.
  7131 | D:7      | Got a translucent copper ring
  7133 | D:7      | Identified the cursed ring of Xom's Benevolence {rElec Int-2 Dex+2} (You found it on level 7 of the Dungeon)
  7142 | Temple   | Entered the Ecumenical Temple
  7539 | D:7      | Found an opulent altar of Gozag.
  7539 | D:7      | Found a hazy altar of Hepliaklqana.
  7540 | D:7      | Found an ancient bone altar of Kikubaaqudgha.
  7758 | D:7      | Reached skill level 10 in Maces & Flails
  7777 | D:7      | Reached ** piety under Okawaru
  8101 | D:7      | Killed from afar by an orc wizard

Vault maps used:
D:1:      saegor_arrival_simple_d
D:2:      chequers_ecumenical_altar_twisty, uniq_iyjb
D:3:      good_gods_temple_1, first_bread, uniq_jessica, uniq_robin
D:4:      serial_shops, nicolae_shop_temple_entry_statues_fountains,
          uniq_blork_the_orc
D:5:      corexii_shack_village, serial_shops, shop, basic_altar, minivault_5,
          supply_closet_lemuel, hangedman_decor_points
D:6:      kennysheep_big_flooded_room, nemelex_xobeh_ov_fountains_minmay,
          basic_altar
D:7:      minitemple, okawaru_trees_2
Temple:   pf_slime_end_temple

Skill      XL: |  1  2  3  4  5  6  7  8  9 |
---------------+----------------------------+-----
Maces & Flails | 3 4 7 10 | 10.6
Hexes          | 1 2 4 5 |  5.0
Charms         | 4 5 6 |  6.0
Fighting       | |  2.0
Armour         | |  1.0
Dodging        | |  1.0
Spellcasting   | |  2.0

Action                   |  1- 3 |  4- 6 |  7- 9 || total
-------------------------+-------+-------+-------++-------
Melee: Mace              |   108 |   166 |   229 ||   503
       Short sword       |       |       |   170 ||   170
       Dire flail        |       |       |     3 ||     3
 Cast: Infusion          |    10 |     1 |     2 ||    13
       Spectral Weapon   |       |    13 |    27 ||    40
       Shroud of Golubri |       |       |     2 ||     2
Evoke: Wand              |       |       |     1 ||     1
  Use: Scroll            |       |     9 |     2 ||    11
       Potion            |       |       |     1 ||     1
 Stab: Sleeping          |       |     2 |     7 ||     9
       Distracted        |       |       |     4 ||     4
  Eat: Chunk             |     2 |     7 |    21 ||    30
       Fruit             |       |       |     2 ||     2
       Pizza             |       |       |     1 ||     1
Armor: Leather armour    |    35 |    88 |    99 ||   222
       Troll leather arm |       |       |    76 ||    76
Dodge: Dodged            |    78 |   124 |   233 ||   435

Table legend:
 A = Turns spent in this place as a percentage of turns spent in the entire game.
 B = Non-inter-level travel turns spent in this place as a percentage of non-inter-level travel turns spent in the entire game.
 C = Inter-level travel turns spent in this place as a percentage of turns spent in this place.
 D = Turns resting spent in this place as a percentage of non-inter-level travel turns spent in this place.
 E = Turns spent auto-exploring this place as a percentage of non-inter-level travel turns spent in this place.
 F = Non-inter-level travel turns spent in this place divided by the number of levels of this place that you've seen.
                   A       B       C       D       E      F
               +-------+-------+-------+-------+-------+----------------------
         Total | 100.0 | 100.0 |   0.9 |   5.2 |   9.3 | 321.6
       Dungeon |  99.1 |  99.1 |   0.8 |   5.3 |   8.8 | 364.4
        Temple |   0.9 |   0.9 |   8.3 |   0.0 |  63.6 |  22.0
               +-------+-------+-------+-------+-------+----------------------

Table legend:
 A = Kills in this place as a percentage of kills in entire the game.
 B = Kills by you in this place as a percentage of kills by you in the entire game.
 C = Kills by friends in this place as a percentage of kills by friends in the entire game.
 D = Other kills in this place as a percentage of other kills in the entire game.
 E = Experience gained in this place as a percentage of experience gained in the entire game.
 F = Experience gained in this place divided by the number of levels of this place that you have seen.
                   A       B       C       D       E      F
               +-------+-------+-------+-------+-------+----------------------
         Total | 100.0 | 100.0 |  -nan |  -nan | 100.0 | 474.6
       Dungeon | 100.0 | 100.0 |  -nan |  -nan | 100.0 | 542.4
               +-------+-------+-------+-------+-------+----------------------
